 Seeded DCSS version 0.24.1-14-gf8d2b509d9 (webtiles) character file.

Game seed: 4999004776761275612, levelgen mode: deterministic

113 sahdkjhfkaj the Skirmisher (level 4, -2/30 HPs)
             Began as a Deep Elf Abyssal Knight on Dec 15, 2020.
             Was a Believer of Lugonu.
             Slain by an orc (5 damage)
             ... on level 3 of the Dungeon.
             The game lasted 00:05:10 (3294 turns).

sahdkjhfkaj the Skirmisher (DEAK)                   Turns: 3294, Time: 00:05:10

Health: -2/30      AC:  3    Str: 10    XL:     4   Next: 65%
Magic:  7/7        EV: 12    Int: 17    God:    Lugonu [**....]
Gold:   69         SH:  0    Dex: 14    Spells: 3/3 levels left

rFire    . . .     SeeInvis .   a - +1 short sword
rCold    . . .     Gourm    .   (no shield)
rNeg     . . .     Faith    .   j - +0 leather armour
rPois    .         Spirit   .   (no helmet)
rElec    .         Reflect  .   (no cloak)
rCorr    .         Harm     .   (no gloves)
MR       .....                  (no boots)
Stlth    +.........             (no amulet)
HPRegen  0.10/turn              (no ring)
MPRegen  0.10/turn              (no ring)

@: no status effects
A: no striking features
a: Depart the Abyss, Bend Space, Renounce Religion


You were on level 3 of the Dungeon.
You worshipped Lugonu.
Lugonu was pleased with you.
You were hungry.

You visited 1 branch of the dungeon, and saw 3 of its levels.
You visited the Abyss 1 time.

You collected 69 gold pieces.

Inventory:

Hand Weapons
 a - a +1 short sword (weapon)
 b - a +1 hunting sling of velocity
Missiles
 n - 129 stones (quivered)
Armour
 j - a +0 leather armour (worn)
Scrolls
 e - 2 scrolls of remove curse {!r}
 f - a scroll of teleportation {!r}
 h - a scroll of fog {!r, unknown}
 i - a scroll of magic mapping {!r, unknown}
 k - a scroll of fear {!r, unknown}
 q - 2 scrolls of noise {!r, unknown}
Potions
 d - a potion of curing {!q}
 g - a potion of agility {!q, unknown}
 l - a potion of magic {!q, unknown}
 m - a potion of cancellation {!q, unknown}
 o - a potion of haste {!q, unknown}
Comestibles
 c - 5 rations
 p - a chunk of flesh


   Skills:
 + Level 4.5 Fighting
 - Level 2.0 Short Blades
 - Level 0.7 Armour
 - Level 2.4 Dodging
 - Level 2.0 Invocations


You had 3 spell levels left.
You didn't know any spells.
Your spell library was empty.

Dungeon Overview and Level Annotations

Branches:
Dungeon (3/15)

Altars:
Elyvilon
Qazlal
Uskayaw
Yredelemnul

Annotations:
D:1 worm


Message History

* * * LOW HITPOINT WARNING * * *
You closely miss the orc.
The orc is severely wounded.
The orc hits you with a +0 war axe!
* * * LOW HITPOINT WARNING * * *
You hit the orc.
The orc is almost dead.
The orc hits you with a +0 war axe.
* * * LOW HITPOINT WARNING * * *
You hit the orc.
You kill the orc!
Lugonu accepts your kill.
Found 9 gold pieces.
You hit the dart slug.
The dart slug is heavily wounded.
The dart slug barely misses you. The orc misses you.
You hit the dart slug.
The dart slug is almost dead.
The orc hits you.
You die...

#..# #.....##.#
#..###.###.##.#
#......#......#
#.##.###......# #.##.#
#......#
#.##.###......#
#.............#
###o#.....#...#####
#####.@$#...#...#......
#....w#####..###.######
#.###<..#.....รท..####
#.....#..............
#.###......##########
#.# ##.#...# #.#
##.#...###### #w#
#...>.......# # #.#
#........##.#


You could see a dart slug and an orc.

Vanquished Creatures
  An orc wizard (D:3)
  2 adders (D:2)
  An ooze (D:1)
  A dart slug (D:1)
  2 orcs (D:3)
  A giant cockroach (D:1)
  8 goblins
  8 hobgoblins
  6 jackals
  11 kobolds
  A ball python (D:2)
  5 bats
  2 frilled lizards
  4 rats
53 creatures vanquished.

Notes
Turn   | Place    | Note
-------+----------+-------------------------------------------
     0 | Abyss:1  | sahdkjhfkaj the Deep Elf Abyssal Knight began the quest for
                  | the Orb.
     0 | Abyss:1  | Reached XP level 1. HP: 13/13 MP: 4/4
     0 | D:1      | Escaped the Abyss
   207 | D:1      | Reached XP level 2. HP: 15/18 MP: 5/5
   214 | D:1      | Reached skill level 3 in Fighting
   591 | D:1      | Reached * piety under Lugonu
   773 | D:1      | Reached XP level 3. HP: 11/23 MP: 6/6
  1776 | D:1      | HP: 1/24 [goblin (1)]
  2303 | D:2      | Reached skill level 4 in Fighting
  2537 | D:2      | Reached XP level 4. HP: 26/29 MP: 7/7
  3046 | D:3      | Found a basalt altar of Yredelemnul.
  3174 | D:3      | Found a stormy altar of Qazlal.
  3174 | D:3      | Found a hide-covered altar of Uskayaw.
  3174 | D:3      | Found a white marble altar of Elyvilon.
  3217 | D:3      | Reached ** piety under Lugonu
  3276 | D:3      | HP: 1/30 [orc/+0 war axe (1)]
  3294 | D:3      | Slain by an orc

Levels and vault maps discovered:
D:1:      lightli_arrival_statue_moat, layout_loops_ring, serial_forest,
          infiniplex_forest_lined_corner, infiniplex_forest_lined_room_2,
          infiniplex_forest_clump_small, infiniplex_forest_clump_cross,
          minmay_close_crescents
D:2:      layout_basic
D:3:      minmay_goblin_kobold_castle, layout_loops_ring, old_standard_altar,
          gammafunk_temple_overflow_forgotten, st_stairs_3

Skill      XL: |  1  2  3 |
---------------+----------+-----
Fighting       | 3 4 |  4.5
Short Blades   | |  2.0
Armour         | |  0.7
Dodging        | |  2.4
Invocations    | |  2.0

Action                   |  1- 3 |  4- 6 || total
-------------------------+-------+-------++-------
Melee: Short sword       |   170 |    50 ||   220
 Fire: Hunting sling     |    18 |     7 ||    25
Invok: Depart the Abyss  |     1 |       ||     1
  Use: Scroll            |     2 |     1 ||     3
       Potion            |     1 |       ||     1
  Eat: Chunk             |     5 |     2 ||     7
Armor: Leather armour    |    31 |     5 ||    36
Dodge: Dodged            |   133 |    27 ||   160
